 Dungeon Crawl Stone Soup version 0.28.0-45-g0d030f2227 (webtiles) character file.

Game seed: 11133209044943738907

32 ShadowYui the Skirmisher (level 3, -5/34 HPs)
             Began as a Minotaur Abyssal Knight on Apr 10, 2022.
             Was a Believer of Lugonu.
             Slain by Robin
             ... wielding a +4 vampiric trident
              (6 damage)
             ... on level 2 of the Dungeon.
             The game lasted 00:08:02 (931 turns).

ShadowYui the Skirmisher (Minotaur Abyssal Knight)   Turns: 931, Time: 00:08:02

Health: -5/34      AC:  3    Str: 19    XL:     3   Next: 8%
Magic:  3/3        EV: 11    Int:  7    God:    Lugonu [**....]
Gold:   21         SH:  0    Dex: 10    Spells: 2/2 levels left

rFire   . . .      SeeInvis .   a - +1 hand axe
rCold   . . .      Faith    .   (no shield)
rNeg    . . .      Spirit   .   b - +0 leather armour
rPois   .          Reflect  .   (helmet restricted)
rElec   .          Harm     .   (no cloak)
rCorr   .          Rampage  .   (no gloves)
Will    .....                   (no boots)
Stlth   +.........              (no amulet)
HPRegen 0.11/turn               (no ring)
MPRegen 0.08/turn               (no ring)

@: brilliant
A: horns 2, retaliatory headbutt
a: Renounce Religion, Depart the Abyss, Bend Space


You were on level 2 of the Dungeon.
You worshipped Lugonu.
Lugonu was pleased with you.
You visited 1 branch of the dungeon, and saw 2 of its levels.
You visited the Abyss 1 time.

You collected 21 gold pieces.

Inventory:

Hand Weapons
 a - a +1 hand axe (weapon)
 j - a +0 hunting sling
Missiles
 i - 2 atropa-tipped darts
Armour
 b - a +0 leather armour (worn)
Jewellery
 f - a ring of wizardry
 h - a ring of wizardry
Scrolls
 c - a scroll of teleportation {unknown}
 d - a scroll of silence {unknown}
 e - 2 scrolls of vulnerability {unknown}


   Skills:
 + Level 4.4 Fighting
 + Level 3.0 Axes
 + Level 2.9 Armour
 + Level 1.1 Dodging
 + Level 0.1 Stealth
 + Level 1.8 Invocations


You had 2 spell levels left.
You didn't know any spells.
Your spell library was empty.

Dungeon Overview and Level Annotations

Branches:
Dungeon (2/15)

Altars:

Annotations:
D:2 Robin


Innate Abilities, Weirdness & Mutations

You have a pair of horns on your head.
You reflexively headbutt those who attack you in melee.


Message History

The hobgoblin hits you but does no damage.
The goblin closely misses you.
You barely miss the goblin. You headbutt the goblin.
You kill the goblin!
Lugonu accepts your kill.
You hit the hobgoblin.
Robin roars a battlecry!
The goblins go into a battle-frenzy!
The hobgoblin closely misses you.
You closely miss the goblin. Your headbutt misses the goblin.
The goblin hits you with a +0 club.
You hit the goblin.
You kill the goblin!
Lugonu accepts your kill.
You have reached level 3!
Your experience leads to an increase in your attributes!
Increase (S)trength, (I)ntelligence, or (D)exterity?
You feel stronger. x2
You closely miss the goblin. Your headbutt misses the goblin.
The goblin closely misses you.
You slash the goblin!
You kill the goblin!
Lugonu accepts your kill.
You hit the hobgoblin.
You kill the hobgoblin!
Lugonu accepts your kill. Robin throws the goblin at you!
You miss the goblin. The goblin barely misses you.
Robin hits you from afar with a +4 vampiric trident.
You barely miss the goblin. The goblin hits you with a +0 club.
* * * LOW HITPOINT WARNING * * *
Robin roars a battlecry!
You closely miss the goblin. The goblin barely misses you.
You furiously retaliate!
You headbutt the goblin. Robin barely misses you.
The goblin hits you with a +0 club.
* * * LOW HITPOINT WARNING * * *
It was a potion of brilliance.
You feel clever all of a sudden.
Robin hits you from afar with a +4 vampiric trident.
You die...

#. .. #g#
#..
.g########
#.#<.....#
#g######.#
#))@g....#
##########


You could see Robin and a goblin (strong).

Vanquished Creatures
  A dart slug (D:1)
  2 giant cockroaches (D:1)
  4 hobgoblins
  3 jackals (D:1)
  2 kobolds (D:1)
  A ball python (D:1)
  2 bats (D:1)
  A frilled lizard (D:1)
  6 goblins
  6 rats (D:1)
28 creatures vanquished.

Notes
Turn   | Place    | Note
-------+----------+-------------------------------------------
     0 | Abyss:1  | ShadowYui the Minotaur Abyssal Knight began the quest for
                  | the Orb.
     0 | Abyss:1  | Reached XP level 1. HP: 19/19 MP: 1/1
    32 | Abyss:1  | Noticed a ynoxinul
    43 | D:1      | Escaped the Abyss
   161 | D:1      | Reached XP level 2. HP: 25/27 MP: 2/2
   273 | D:1      | Reached skill level 4 in Fighting
   313 | D:1      | Reached ** piety under Lugonu
   919 | D:2      | Noticed Robin
   925 | D:2      | Reached XP level 3. HP: 17/34 MP: 3/3
   930 | D:2      | HP: 1/34 [goblin/+0 club[Robin] (6)]
   931 | D:2      | Slain by Robin

Illustrated notes

Levels and vault maps discovered:
D:1:      matt_arrival_spirals, layout_loops_ring
D:2:      layout_basic, minivault_4, uniq_robin

Skill      XL: |  1  2 |
---------------+-------+-----
Fighting       | 4 |  4.4
Axes           | 3 |  3.0
Armour         | |  2.9
Dodging        | |  1.1
Stealth        | |  0.1
Invocations    | |  1.8

Action                   || total
-------------------------++-------
Melee: Hand axe          ||    47
       Headbutt          ||     6
  Use: Potion            ||     1
Armor: Leather armour    ||     8
Dodge: Dodged            ||    22
